 Dungeon Crawl Stone Soup version 0.28.0-53-g5a82cb258f (webtiles) character file.

Game seed: 8678986357556502920

166 Tsarbomb the Cudgeller (level 5, 0/45 HPs)
             Began as a Minotaur Berserker on Aug 21, 2022.
             Was a Believer of Trog.
             Slain by a gnoll
             ... wielding a +0 halberd
              (10 damage)
             ... on level 3 of the Dungeon.
             The game lasted 00:04:58 (1847 turns).

Tsarbomb the Cudgeller (Minotaur Berserker)         Turns: 1847, Time: 00:04:58

Health: 0/45       AC:  5    Str: 23    XL:     5   Next: 22%
Magic:  4/4        EV: 11    Int:  4    God:    Trog [**....]
Gold:   103        SH:  0    Dex: 10    Spells: 4/4 levels left

rFire   . . .      SeeInvis .   a - +0 hand axe
rCold   . . .      Faith    .   (no shield)
rNeg    . . .      Spirit   .   h - +0 ring mail
rPois   +          Reflect  .   (helmet restricted)
rElec   .          Harm     .   (no cloak)
rCorr   .          Rampage  .   (no gloves)
Will    ++...                   (no boots)
Stlth   ..........              (no amulet)
HPRegen 1.15/turn               e - ring of poison resistance
MPRegen 0.09/turn               (no ring)

@: strong-willed, on berserk cooldown, regenerating, slowed, very slow
A: horns 2, retaliatory headbutt
a: Renounce Religion, Berserk, Trog's Hand


You were on level 3 of the Dungeon.
You worshipped Trog.
Trog was pleased with you.
You visited 1 branch of the dungeon, and saw 3 of its levels.

You collected 103 gold pieces.

Inventory:

Hand Weapons
 a - a +0 hand axe (weapon)
 i - a +0 whip
Missiles
 d - 56 stones (quivered)
 g - a throwing net
Armour
 h - a +0 ring mail (worn)
Jewellery
 e - a ring of poison resistance (left hand)
Scrolls
 b - 3 scrolls of identify {unknown}
 f - 2 scrolls of fog {unknown}
 j - a scroll of blinking {unknown}
Potions
 c - 2 potions of haste {unknown}
 k - a potion of flight {unknown}


   Skills:
 - Level 3.6 Fighting
 - Level 3.6(5.3) Axes
 + Level 6.0(6.5) Maces & Flails
 - Level 2.4 Armour
 - Level 2.1 Dodging


You had 4 spell levels left.
You didn't know any spells.
Your spell library was empty.

Dungeon Overview and Level Annotations

Branches:
Dungeon (3/15)

Altars:

Shops:
D:3 !

Annotations:
D:1 exclusion: 2 downstairs


Innate Abilities, Weirdness & Mutations

You have a pair of horns on your head.
You reflexively headbutt those who attack you in melee.


Message History

You slash the gnoll sergeant! You headbutt the gnoll sergeant.
You kill the gnoll sergeant!
Trog accepts your kill.
Your Maces & Flails skill increases to level 6!
You have reached level 5! 2 gnolls come into view.
The gnoll shouts! x2
Things that are here:
a +0 flail; a gnoll corpse You feel a strong urge to attack something.
You are no longer berserk.
You are exhausted.
You feel yourself slow down. The gnoll closely misses you.
Things that are here:
a +0 flail; a gnoll corpse The gnoll closely misses you.
The gnoll completely misses you. The gnoll hits you with a +0 flail!
* * * LOW HITPOINT WARNING * * *
The gnoll closely misses you.
Things that are here:
a +0 flail; a gnoll corpse You feel the effects of Trog's Hand fading.
The gnoll hits you but does no damage.
Items here: ) [[ †.
The gnoll completely misses you.
Your skin stops crawling.
You feel less strong-willed. The gnoll barely misses you.
The gnoll hits you with a +0 flail.
* * * LOW HITPOINT WARNING * * *
The gnoll barely misses you. The gnoll misses you.
The gnoll hits you with a +0 flail.
* * * LOW HITPOINT WARNING * * *
The gnoll closely misses you. The gnoll hits you but does no damage.
Your skin crawls.
You feel strong-willed. The gnoll barely misses you. x2
The gnoll hits you from afar with a +0 halberd!
You die...

###########
#.........# ##
#.###.#.#.# .#
#.# ##.#.## .#
#.# #.###.#
.###########.#
##.#.##
.............#
#.#.#
.#####.#######
##.#.## .# #<#
#@###.# .# #.#
##g#.## .# #.#
#.#g#.# .# #.#
##.#.## .# #.#
#.###.# .# #.#
##.#.## .# #.#
#.#g#.# .# #.#
##.#.##
.#####.#######
#.###)#


You could see 2 gnolls.

Vanquished Creatures
  A gnoll sergeant (D:3)
  2 gnolls (D:3)
  3 adders (D:3)
  A worm (D:3)
  A dart slug (D:1)
  6 orcs (D:3)
  9 bats
  5 endoplasms (D:1)
  2 giant cockroaches (D:1)
  5 goblins (D:1)
  2 hobgoblins
  4 quokkas
  3 ball pythons
  2 kobolds
  A rat (D:1)
47 creatures vanquished.

Notes
Turn   | Place    | Note
-------+----------+-------------------------------------------
     0 | D:1      | Tsarbomb the Minotaur Berserker began the quest for the
                  | Orb.
     0 | D:1      | Reached XP level 1. HP: 19/19 MP: 0/0
    31 | D:1      | Reached skill level 1 in Maces & Flails
   181 | D:1      | Reached skill level 2 in Maces & Flails
   181 | D:1      | Reached XP level 2. HP: 26/26 MP: 1/1
   598 | D:1      | Reached skill level 3 in Maces & Flails
   799 | D:1      | Reached ** piety under Trog
   830 | D:1      | Reached XP level 3. HP: 29/31 MP: 2/2
  1298 | D:3      | Reached skill level 4 in Maces & Flails
  1436 | D:3      | Reached XP level 4. HP: 31/39 MP: 3/3
  1552 | D:3      | Found Zafor's Distillery.
  1729 | D:3      | Reached skill level 5 in Maces & Flails
  1818 | D:3      | Noticed a gnoll sergeant
  1825 | D:3      | Killed a gnoll sergeant
  1826 | D:3      | Reached skill level 6 in Maces & Flails
  1826 | D:3      | Reached XP level 5. HP: 9/45 MP: 4/4
  1829 | D:3      | HP: 1/45 [gnoll/+0 flail (8)]
  1847 | D:3      | Slain by a gnoll

Illustrated notes

Levels and vault maps discovered:
D:1:      dpeg_arrival_arbitrary_c, layout_basic, minmay_misc_feat_more_columns,
          dk_noncrumbling_4
D:2:      layout_basic, uniq_crazy_yiuf_cottage
D:3:      layout_loops_ring, serial_shops, shop_statue, roderic_roman_lattice,
          chequers_jeans, grunt_ministairs_7, kennysheep_path_1, minivault_26

Skill      XL: |  1  2  3  4 |
---------------+-------------+-----
Maces & Flails | 2 3 4 6 |  6.0
Fighting       | |  3.6
Axes           | |  3.6
Armour         | |  2.4
Dodging        | |  2.1

Action                   |  1- 3 |  4- 6 || total
-------------------------+-------+-------++-------
Melee: Hand axe          |    84 |    18 ||   102
       Headbutt          |    14 |     2 ||    16
       Punch             |       |     1 ||     1
Invok: Berserk           |     2 |     1 ||     3
       Trog's Hand       |       |     2 ||     2
Armor: Animal skin       |    10 |       ||    10
       Ring mail         |    14 |     2 ||    16
Dodge: Dodged            |    59 |    17 ||    76
